Map: Blackburn LE

Players

ViBE

  • Race: Zerg Zerg
  • League: Master
  • Spawn Location: 7:00

Warthog - Winner!

  • Race: Terran Terran
  • League: Master
  • Spawn Location: 5:00

VOD

Have the link to the VOD?

Description

Time

  • Played on: Jan. 11, 2022, 10:28 p.m.
  • Length: 13:17
Show
View Real Time Build Order
Export as new Build Order

ViBE Zerg 

Build Orders: Hatch First 

Get SALT Encoding   

  12  0:00  Drone  
  13  0:12  Overlord  
  13  0:18  Drone  
  14  0:31  Drone x2  
  16  0:51  Hatchery  
  16  0:53  Drone  
  16  0:56  Drone  
  17  1:02  Drone  
  18  1:17  Spawning Pool  
  17  1:18  Drone  
  17  1:19  Extractor  
  17  1:22  Drone  
  18  1:31  Drone  
  19  1:51  Drone  
  19  1:53  Drone  
  21  2:06  Queen x2  
  25  2:11  Drone  
  26  2:19  Overlord  
  26  2:20  Zergling x4  
  28  2:30  Drone  
  28  2:32  Spore Crawler  
  28  2:33  Extractor  
  28  2:35  Overlord  
  26  2:41  Drone x2  
  26  2:44  Spore Crawler  
  29  2:48  Drone x2  
  31  2:56  Overlord  
  32  3:00  Queen  
  32  3:04  Drone  
  35  3:06  Drone  
  36  3:13  Hatchery  
  36  3:19  Drone x3  
  38  3:29  Drone x4  
  42  3:40  Drone  
  42  3:41  Drone  
  44  3:51  Roach Warren  
  44  3:53  Drone x2  
  43  3:56  Overlord  
  43  3:58  Extractor  
  42  4:05  Evolution Chamber  
  40  4:17  Drone x6  
  41  4:42  Roach x7  
  55  4:46  Queen  
  57  4:54  Lair  
  57  4:55  Drone  
  58  5:01  Overlord  
  58  5:04  Overlord  
  58  5:19  Spore Crawler  
  58  5:20  Spore Crawler  
  56  5:21  Spore Crawler  
  56  5:23  Drone x16  
  67  5:35  Drone  
  67  5:36  Drone x2  
  69  5:44  Drone x3  
  72  5:52  Glial Reconstitution  
  72  5:57  Evolution Chamber  
  72  5:58  Extractor  
  72  6:03  Zerg Missile Weapons Level 1  
  70  6:05  Drone x4, Overlord  
  70  6:06  Overlord x2  
  74  6:12  Extractor  
  74  6:13  Extractor  
  74  6:14  Drone x2  
  74  6:15  Drone, Extractor  
  74  6:25  Zerg Ground Armor Level 1  
  74  6:26  Drone  
  74  6:27  Drone x9  
  84  6:37  Roach x2  
  88  6:46  Drone  
  83  6:59  Drone x11  
  91  7:07  Drone  
  85  7:16  Drone x6  
  85  7:17  Drone x3  
  93  7:27  Drone x2  
  95  7:38  Hatchery  
  95  7:39  Overlord x6  
  94  7:45  Roach  
  94  7:50  Infestation Pit  
  93  7:55  Roach x3  
  93  8:00  Roach x2  
  93  8:02  Ravager  
  97  8:06  Roach  
  97  8:10  Roach  
  97  8:11  Roach  
  103  8:16  Roach x2  
  103  8:17  Roach x4  
  115  8:21  Roach  
  115  8:22  Zerg Missile Weapons Level 2  
  117  8:27  Pathogen Glands  
  117  8:29  Roach x2  
  121  8:53  Infestor x2  
  121  8:55  Roach x3  
  131  8:56  Roach x8  
  139  9:10  Drone x6  
  145  9:17  Roach Warren  
  144  9:31  Overlord x5  
  144  9:35  Queen x3  
  144  9:40  Overseer  
  144  9:49  Overlord x2  
  135  9:53  Infestor x3  
  135  9:59  Roach x10  
  160  10:07  Hatchery  
  160  10:11  Roach x12  
  159  10:32  Roach  
  159  10:33  Roach x4  
  85  10:59  Roach x7  
  87  11:15  Roach x5  
  97  11:24  Hatchery  
  92  11:38  Roach x7  
  92  11:39  Roach  
Show
View Real Time Build Order
Export as new Build Order

Warthog Terran - Winner!

Build Orders: Reaper Expand, Hellion Banshee, Mech 

Get SALT Encoding   

  12  0:00  SCV  
  13  0:12  SCV  
  14  0:17  Supply Depot  
  14  0:25  SCV  
  15  0:38  SCV  
  15  0:39  Barracks  
  16  0:44  Refinery  
  16  0:50  SCV  
  17  1:03  SCV  
  18  1:15  SCV  
  19  1:27  Reaper, Orbital Command  
  20  1:41  Command Center  
  20  1:52  Supply Depot  
  20  1:53  SCV  
  21  1:59  Marine  
  22  2:07  SCV  
  23  2:12  Factory  
  23  2:19  SCV  
  23  2:21  Barracks Reactor  
  24  2:31  SCV  
  25  2:43  SCV  
  26  2:50  Refinery  
  26  2:55  Command Center  
  25  3:01  Starport  
  25  3:03  Orbital Command  
  25  3:09  Hellion  
  27  3:15  SCV  
  27  3:16  Hellion  
  27  3:18  Barracks Tech Lab  
  30  3:27  SCV  
  30  3:30  SCV  
  30  3:32  Hellion  
  34  3:38  Hellion  
  34  3:39  SCV  
  37  3:44  SCV  
  38  3:50  Supply Depot  
  38  3:51  SCV  
  39  3:57  SCV  
  39  3:58  Banshee  
  39  3:59  Hellion  
  45  4:03  SCV  
  45  4:09  SCV  
  47  4:16  SCV  
  47  4:20  Refinery x2, Orbital Command  
  47  4:24  Factory  
  46  4:28  SCV  
  45  4:34  Hellion x2  
  45  4:38  SCV  
  46  4:40  SCV, Barracks Tech Lab  
  46  4:43  Factory  
  47  4:47  Supply Depot  
  47  4:50  SCV x2  
  49  4:59  SCV  
  50  5:01  Factory, Starport Reactor  
  50  5:02  SCV x2  
  50  5:04  Factory  
  52  5:11  SCV  
  53  5:14  Hellion x2  
  53  5:17  SCV  
  58  5:24  SCV x2  
  60  5:29  SCV  
  61  5:36  SCV x2  
  61  5:39  Hellion x2  
  67  5:46  SCV  
  67  5:47  Supply Depot, Siege Tank  
  71  5:53  Starport Tech Lab  
  71  5:54  Supply Depot, SCV  
  71  5:55  Supply Depot  
  72  5:58  SCV  
  73  6:05  Factory Tech Lab, Orbital Command  
  73  6:06  SCV  
  73  6:10  SCV  
  73  6:11  Armory  
  75  6:12  Armory  
  75  6:13  Supply Depot  
  75  6:16  Hellion x2, Refinery  
  79  6:18  SCV  
  79  6:19  Refinery  
  79  6:22  SCV  
  79  6:23  Cyclone, Infernal Pre-Igniter  
  79  6:25  Mag-Field Accelerator  
  84  6:26  Cyclone  
  84  6:30  SCV  
  88  6:33  SCV  
  88  6:34  SCV  
  88  6:38  Supply Depot  
  88  6:42  SCV  
  88  6:45  SCV, Banshee  
  88  6:46  Cyclone  
  88  6:47  SCV  
  97  6:51  Hellion x2  
  101  6:55  SCV  
  101  6:57  SCV  
  101  7:00  Cyclone  
  101  7:01  Cyclone  
  105  7:02  Hellion x2, SCV  
  110  7:13  Hellion  
  108  7:17  Hellion  
  108  7:18  Cyclone, SCV x2  
  113  7:25  Supply Depot  
  113  7:26  Supply Depot  
  113  7:33  Siege Tank  
  113  7:34  Terran Vehicle Weapons Level 1, Terran Vehicle And Ship Armor Level 1  
  116  7:38  Engineering Bay  
  116  7:40  SCV  
  117  7:47  SCV, Siege Tank  
  121  7:52  Cyclone  
  124  8:01  Hellion  
  124  8:03  Supply Depot  
  124  8:04  Supply Depot  
  124  8:05  Siege Tank  
  127  8:12  Missile Turret  
  127  8:14  Command Center, Missile Turret x2, Banshee  
  127  8:17  Hellion  
  132  8:24  Siege Tank x2  
  132  8:25  Hellion  
  132  8:26  Hellion x2  
  144  8:35  Supply Depot  
  144  8:37  Supply Depot x2, Hellion  
  144  8:39  Hellion  
  148  8:44  SCV  
  149  8:50  SCV  
  150  8:56  Command Center  
  150  8:57  Siege Tank x2  
  148  9:15  Siege Tank  
  143  9:21  Hellion  
  143  9:22  Hellion  
  142  9:27  Orbital Command  
  142  9:29  Cyclone, Siege Tank  
  148  9:32  Supply Depot  
  148  9:34  Supply Depot  
  148  9:50  Siege Tank  
  148  9:51  Hellion x3  
  157  10:01  Siege Tank  
  157  10:05  Siege Tank  
  163  10:08  Planetary Fortress  
  163  10:12  Supply Depot, Missile Turret  
  163  10:13  SCV x2  
  165  10:16  Missile Turret  
  161  10:22  Siege Tank, Orbital Command  
  161  10:25  Refinery  
  161  10:26  Refinery, Widow Mine  
  166  10:33  Siege Tank  
  157  10:37  Siege Tank  
  134  10:51  Hellion  
  134  10:54  Thor  
  134  10:55  Factory  
  134  10:57  SCV x2, Factory  
  119  10:59  Factory  
  119  11:03  Hellion x3  
  119  11:04  Missile Turret  
  127  11:05  Thor, Refinery x2  
  127  11:09  Siege Tank  
  136  11:12  Hellion  
  136  11:13  SCV x2  
  140  11:24  Hellion x2  
  140  11:25  Hellion  
  146  11:34  Hellion  
  146  11:37  Siege Tank  
  151  11:42  Hellion  
  151  11:46  Hellion  
  152  11:48  Missile Turret, Siege Tank  
  152  11:51  Hellion x2  
  163  11:54  Hellion x2  
  163  12:03  Siege Tank  
  163  12:09  Siege Tank  
  163  12:20  Thor  
Tags
 
Add a new tag
Caveats
  • Supply blocks, unpowered buildings, or Contaminate may cause inaccurate times.
  • Supply counts are checked every 10 seconds.